 Dungeon Crawl Stone Soup version 0.29.1-15-g9cfb28693d (webtiles) character file.

Game seed: 15009486134053246709

631 Heoruswealwe the Magician (level 7, -2/36 HPs)
             Began as a Deep Elf Earth Elementalist on Apr 5, 2023.
             Was a Follower of Vehumet.
             Killed by divine providence
             ... invoked by an orc priest
              (13 damage)
             ... on level 5 of the Dungeon.
             The game lasted 00:36:13 (3142 turns).

Heoruswealwe the Magician (DEEE)                    Turns: 3142, Time: 00:36:15

Health: -2/36      AC:  7    Str:  5    XL:     7   Next: 24%
Magic:  12/20      EV: 12    Int: 22    God:    Vehumet [*.....]
Gold:   356        SH:  0    Dex: 15    Spells: 11/21 levels left

rFire   . . .      SeeInvis .   (no weapon)
rCold   + . .      Faith    .   (no shield)
rNeg    . . .      Spirit   .   a - +0 robe
rPois   .          Reflect  .   (no helmet)
rElec   .          Harm     .   (no cloak)
rCorr   .          Rampage  .   p - +0 pair of gloves
Will    .....                   (no boots)
Stlth   ++........              (no amulet)
HPRegen 0.12/turn               i - ring of protection from cold
MPRegen 0.17/turn               u - +4 ring of protection

@: no status effects
A: no striking features
a: Renounce Religion


You were on level 5 of the Dungeon.
You worshipped Vehumet.
Vehumet was aware of your devotion.
You visited 2 branches of the dungeon, and saw 6 of its levels.

You collected 356 gold pieces.

Inventory:

Armour
 a - a +0 robe (worn)
 p - a +0 pair of gloves (worn)
Jewellery
 i - a ring of protection from cold (left hand)
 u - a +4 ring of protection (right hand)
Scrolls
 e - 3 scrolls of teleportation
 f - a scroll of amnesia
 h - 2 scrolls of fear
 m - a scroll of enchant weapon
 q - 4 scrolls of immolation {unknown}
 v - a scroll of acquirement {unknown}
 w - a scroll of vulnerability {unknown}
 y - a scroll of enchant armour {unknown}
Potions
 b - 2 potions of magic
 c - a potion of curing {unknown}
 d - 2 potions of might {unknown}
 g - 6 potions of attraction {unknown}
 j - 2 potions of resistance {unknown}
 k - a potion of cancellation {unknown}
 n - 5 potions of heal wounds {unknown}
 o - a potion of brilliance {unknown}
 r - a potion of flight {unknown}
 s - a potion of haste {unknown}
 t - a potion of ambrosia {unknown}
 z - a potion of berserk rage {unknown}
 A - a potion of degeneration {unknown}


   Skills:
 - Level 2.4 Dodging
 - Level 2.4 Stealth
 + Level 7.9 Spellcasting
 - Level 1.1 Transmutations
 + Level 6.9 Earth Magic


You had 11 spell levels left.
You knew the following spells:

 Your Spells              Type           Power      Damage    Failure   Level
a - Sandblast             Erth           78%        2d17      1%          1
b - Stone Arrow           Conj/Erth      46%        3d9       5%          3
c - Petrify               Tmut/Erth      26%        N/A       14%         4
z - Passwall              Tmut/Erth      21%        N/A       2%          2

Your spell library contained the following spells:

 Spells                   Type           Power      Damage    Failure   Level
 Shock                    Conj/Air       32%        1d5       8%          1
 Blink                    Tloc           16%        N/A       12%         2
 Lesser Beckoning         Tloc           8%         N/A       22%         3
 Manifold Assault         Tloc           8%         N/A       91%         5


Dungeon Overview and Level Annotations

Branches:
Dungeon (5/15)             Temple (1/1) D:4

Altars:
Ashenzari
Cheibriados
Elyvilon
Fedhas
Gozag
Hepliaklqana
Makhleb
Nemelex Xobeh
Okawaru
Ru
Trog
Uskayaw
Vehumet
Xom
Zin
The Shining One

Shops:
D:2 *(:(


Message History

Vehumet accepts your kill.
An orc wizard comes into view. It is wielding a +0 dagger.
An orc wizard comes into view. It is wielding a +0 dagger.
Gozag incites the orc wizard against you.
The orc wizard shouts!
The orc wizard seems to speed up.
Casting: Sandblast (safe; 1% risk of failure)
Confirm with . or Enter, or press ? or * to list all spells.
Aiming: Sandblast (safe; 1% risk of failure)
Press: ? - help, Shift-Dir - straight line, f - orc wizard
Aim: an orc wizard, wielding a +0 dagger and wearing a +0 robe (fast, incited by Gozag, 80% to hit)
The blast of sand misses the orc wizard.
Casting: Sandblast (safe; 1% risk of failure)
Confirm with . or Enter, or press ? or * to list all spells.
Aiming: Sandblast (safe; 1% risk of failure)
Press: ? - help, Shift-Dir - straight line, f/p - orc wizard
Aim: an orc wizard, wielding a +0 dagger and wearing a +0 robe (fast, incited by Gozag, 80% to hit)
The blast of sand hits the orc wizard!
You kill the orc wizard!
Vehumet accepts your kill.
An orc priest comes into view. It is wielding a +0 club.
Casting: Sandblast (safe; 1% risk of failure)
Confirm with . or Enter, or press ? or * to list all spells.
Aiming: Sandblast (safe; 1% risk of failure)
Press: ? - help, Shift-Dir - straight line, f - orc priest
Aim: an orc priest, wielding a +0 club (wandering, hasn't noticed you, 84% to hit)
The blast of sand hits the orc priest!
The orc priest is severely wounded.
The orc priest shouts!
You hear a shout!
The orc priest barely misses you.
Casting: Sandblast (safe; 1% risk of failure)
Confirm with . or Enter, or press ? or * to list all spells.
Aiming: Sandblast (safe; 1% risk of failure)
Press: ? - help, Shift-Dir - straight line, f/p - orc priest
Aim: an orc priest, wielding a +0 club (severely wounded, 84% to hit)
The blast of sand misses the orc priest.
The orc priest closely misses you.
The orc priest calls down the wrath of Beogh upon you.
Beogh smites you!
You die...

#. #..).....## ##.
##........# ...
##.##..##...##...##
...##..#........###..##
.......#..............##
8.........#............#
.....#....##...).......##
..8..#..#...).###o......#
.....#......####@..#...##
..8.......)........##.##
....##...........######
#....##.....######
......####### ......#
..#..## ..#### .##


You could see an orc priest.

Vanquished Creatures
  A phantom (D:4)
  2 scorpions
  A jelly (D:4)
  A gnoll bouda (D:5)
  An orc priest (D:5)
  Natasha (thrice) (D:2)
  An orc wizard (D:5)
  7 gnolls
  5 adders
  A white imp (D:4)
  2 ufetubi (D:5)
  4 worms
  6 dart slugs
  7 orcs
  7 ball pythons
  8 endoplasms
  3 giant cockroaches
  10 goblins
  10 hobgoblins
  5 jackals
  2 quokkas
  2 bats
  5 frilled lizards
  6 kobolds
  7 rats
107 creatures vanquished.

Notes
Turn   | Place    | Note
-------+----------+-------------------------------------------
     0 | D:1      | Heoruswealwe the Deep Elf Earth Elementalist began the
                  | quest for the Orb.
     0 | D:1      | Reached XP level 1. HP: 10/10 MP: 6/6
    60 | D:1      | Reached XP level 2. HP: 4/15 MP: 0/8
    70 | D:1      | Learned a level 2 spell: Passwall
   296 | D:1      | Reached skill level 4 in Spellcasting
   337 | D:1      | Reached XP level 3. HP: 19/19 MP: 8/10
   341 | D:1      | Learned a level 3 spell: Stone Arrow
   678 | D:2      | Found Guonibaoxa's General Store.
   841 | D:2      | Found Qahonuz's Weapon Emporium.
   928 | D:2      | Noticed Natasha
   932 | D:2      | Killed Natasha
   933 | D:2      | Reached XP level 4. HP: 15/24 MP: 9/12
   944 | D:2      | Learned a level 4 spell: Petrify
  1005 | D:2      | Found Leror's Weapon Shoppe.
  1018 | D:2      | Noticed Natasha
  1023 | D:2      | Killed Natasha
  1024 | D:2      | Reached skill level 5 in Spellcasting
  1043 | D:2      | Noticed Natasha
  1048 | D:2      | Killed Natasha
  1049 | D:2      | Reached skill level 5 in Earth Magic
  1054 | D:2      | Reached XP level 5. HP: 11/28 MP: 7/14
  1168 | D:2      | Found Icwytteu's Book Shop.
  1703 | D:3      | Found a faded altar of an unknown god.
  1717 | D:3      | Prayed at the altar of an unknown god.
  1717 | D:3      | Became a worshipper of Gozag Ym Sagoz the Greedy
  1759 | D:3      | Reached skill level 6 in Spellcasting
  2280 | D:4      | Reached XP level 6. HP: 31/32 MP: 15/17
  2286 | D:4      | Found a staircase to the Ecumenical Temple.
  2420 | Temple   | Entered the Ecumenical Temple
  2454 | Temple   | Fell from the grace of Gozag
  2454 | Temple   | Became a worshipper of Vehumet
  2625 | D:4      | Reached skill level 7 in Spellcasting
  2886 | D:5      | Entered Level 5 of the Dungeon
  3048 | D:5      | Reached XP level 7. HP: 36/36 MP: 15/20
  3115 | D:5      | Reached * piety under Vehumet
  3115 | D:5      | Offered knowledge of Shock by Vehumet.
  3142 | D:5      | Killed from afar by an orc priest

Illustrated notes

Levels and vault maps discovered:
D:1:      zelgadis_glass_arrival_small, layout_basic, minmay_hexomino_c4
D:2:      layout_loops_corners, serial_shops, nicolae_square_shop,
          nicolae_square_shop, nicolae_shop_advertising_works
          [nicolae_subvault_shop_adworks], shop_statue,
          minmay_misc_feat_diagonals, uniq_natasha
D:3:      layout_rooms, shapermc_ecumenical_altar_starsandcircs,
          kennysheep_generic_room_15
D:4:      layout_loops_cross, minmay_temple_entry_ruins, kennysheep_small_square
D:5:      layout_cave_pools, serial_column_ruins, column_ruins_hut,
          column_ruins_grid_2, column_ruins_columns_straight,
          column_ruins_open_tiny, column_ruins_columns_corner,
          column_ruins_grid_3
Temple:   nicolae_temple_superstar

Skill      XL: |  1  2  3  4  5  6 |
---------------+-------------------+-----
Spellcasting   | 4 5 6 7 |  7.9
Earth Magic    | 4 5 6 |  6.9
Dodging        | |  2.4
Stealth        | |  2.4
Transmutations | |  1.1

Action                   |  1- 3 |  4- 6 |  7- 9 || total
-------------------------+-------+-------+-------++-------
Melee: Unarmed           |     2 |       |       ||     2
 Cast: Sandblast         |    50 |    89 |    21 ||   160
       Passwall          |       |     1 |       ||     1
  Use: Scroll            |     3 |     4 |     2 ||     9
Armor: Robe              |     6 |    12 |     1 ||    19
Dodge: Dodged            |    11 |    26 |    10 ||    47
